 Dungeon Crawl Stone Soup version 0.22.1-6-g1668fe2 (webtiles) character file.

34 Harpaggios the Conjurer (level 3, -3/19 HPs)
             Began as a Deep Elf Conjurer on Jan 21, 2019.
             Slain by Sigmund
             ... wielding a +0 scythe
              (9 damage)
             ... on level 2 of the Dungeon.
             The game lasted 00:04:38 (1306 turns).

Harpaggios the Conjurer (Deep Elf Conjurer)         Turns: 1306, Time: 00:04:39

Health: -3/19      AC:  2    Str:  5    XL:     3   Next: 14%
Magic:  4/10       EV: 13    Int: 20    God:
Gold:   114        SH:  0    Dex: 15    Spells: 6/9 levels left

rFire    . . .     SeeInvis .   (no weapon)
rCold    . . .     Gourm    .   (no shield)
rNeg     . . .     Faith    .   a - +0 robe
rPois    .         Spirit   .   (no helmet)
rElec    .         Reflect  .   (no cloak)
rCorr    .         Harm     .   (no gloves)
MR       .....                  (no boots)
Stlth    +.........             (no amulet)
HPRegen  0.06/turn              (no ring)
MPRegen  0.12/turn              (no ring)

@: confused
A: no striking features
a: no special abilities


You were on level 2 of the Dungeon.
You were not hungry.

You visited 1 branch of the dungeon, and saw 2 of its levels.

You collected 114 gold pieces.

Inventory:

Armour
 a - a +0 robe (worn)
 g - a +0 helmet
 o - a cursed +0 ring mail
Scrolls
 b - 2 scrolls of identify {unknown}
 d - a scroll of enchant armour {unknown}
 e - a scroll of enchant weapon {unknown}
 f - 2 scrolls of amnesia {unknown}
 h - 2 scrolls of remove curse {unknown}
 i - a scroll of teleportation {unknown}
 m - a scroll of noise {unknown}
 n - a scroll of fear {unknown}
Potions
 k - a potion of ambrosia {unknown}
 l - 2 potions of resistance {unknown}
 p - a potion of agility {unknown}
Comestibles
 c - 4 rations
 j - 5 chunks of flesh


   Skills:
 - Level 2.4 Dodging
 - Level 2.4 Stealth
 + Level 3.7 Spellcasting
 * Level 5.2 Conjurations


You had 6 spell levels left.
You knew the following spells:

 Your Spells              Type           Power        Failure   Level  Hunger
a - Magic Dart            Conj           ###.         1%          1    None
b - Searing Ray           Conj           ###...       2%          2    ##.....

Your spell library contained the following spells:

 Spells                   Type           Power        Failure   Level  Hunger
 Dazzling Spray           Conj/Hex       ##....       14%         3    ###....
 Iskenderun's Mystic Bla  Conj           ###.....     16%         4    ####...
 Force Lance              Conj/Tloc      ##......     41%         4    ####...
 Fulminant Prism          Conj/Hex       ##........   41%         4    ####...


Dungeon Overview and Level Annotations

Branches:
Dungeon (2/15)

Altars:

Annotations:
D:2 Natasha, Sigmund


Message History

Natasha is severely wounded.
You finish channeling your searing ray.
Sigmund casts a spell.
Sigmund flickers and vanishes!
Deactivating autopickup; reactivate with Ctrl-A.
Something barely misses you.
Natasha mumbles some strange words.
You hear some strange, mumbled words.
You are confused.
The crimson imp shouts, "Slither away, thou tottering tickle-brained codpiece!"
Something barely misses you.
Unknown command.
You're too confused to cast spells.
You bump into the rock wall.
You bump into the rock wall.
Something hits you!
Ouch! That really hurt!
The crimson imp shouts!
Natasha casts a spell.
Something hits you!
You die... ...# ..# ...####...# ..# ........#.## 5g5

...#...>...#####S#
..##.##.......##h# ########
......^..#.##.##{# #......#
.###.##....##.##5#########.####.#
.........#......@##.....##.####.#
.....##.......#####.###....÷..#.#
####.......#### #.# ####.##.#.#
####...## #.# #.##.<.. #...#
#.######......# #...#
#.....######### #...# #.###.#
#...# #.# #.########
#######...####### #.###÷##.....#


You could see Natasha, 2 crimson imps, an adder, a white imp and a goblin.

Vanquished Creatures
  An adder (D:2)
  6 bats
  A giant cockroach (D:2)
  A goblin (D:1)
  3 hobgoblins
  2 jackals (D:1)
  2 quokkas (D:2)
  3 kobolds
  4 rats
23 creatures vanquished.

Notes
Turn   | Place    | Note
-------+----------+-------------------------------------------
     0 | D:1      | Harpaggios the Deep Elf Conjurer began the quest for the
                  | Orb.
     0 | D:1      | Reached XP level 1. HP: 10/10 MP: 6/6
   253 | D:1      | Reached XP level 2. HP: 15/15 MP: 1/8
   934 | D:2      | Reached skill level 5 in Conjurations
  1062 | D:2      | Reached XP level 3. HP: 19/19 MP: 3/10
  1171 | D:2      | Learned a level 2 spell: Searing Ray
  1295 | D:2      | Noticed Sigmund
  1296 | D:2      | Noticed Natasha
  1306 | D:2      | Slain by Sigmund

Skill      XL: |  1  2 |
---------------+-------+-----
Conjurations   | 5 |  5.2
Dodging        | |  2.4
Stealth        | |  2.4
Spellcasting   | |  3.7

Action                   || total
-------------------------++-------
Melee: Unarmed           ||     1
 Cast: Magic Dart        ||    48
       Searing Ray       ||     2
  Eat: Chunk             ||     1
Armor: Robe              ||     1
Dodge: Dodged            ||     6
